cohdb
Replays
Latest Replays
All Replays
Popular Replays
Top Player Replays
Match Explorer
How It Works
Community
CoH3 Stats
Reddit
Sign in to upload your games and track your stats! →
Sign in with Steam
Match 45547767
Unlisted
Match 45547767
Overview
Messages
Build Orders
End
Kradschützen Motorcycle Team
Panzergrenadier Squad
Panzergrenadier Squad
Panzergrenadier Squad
Construct Light Support Kompanie
Selects Battlefield Espionage Battlegroup
2.5-tonne Medical Truck
Fire Support Elements
Selects Intel Disruption Beacon
Pak 38 Mechanized Group
Selects 250/3 Funkpanzerwagen
Flakvierling Half-track
Vehicle Survival Package
Veteran Squad Leaders
Selects Transfer Depots
Construct Panzerarmee Kommand
Selects Anti-Tank Incendiary Munitions
Armored Reserves
StuG Assault Group
From Voodoo to Zen
con_007
A Sassy Badger
Urge to Merge
Macho Man Randy Savage
RPZWolf
고구마줄거리
bigsweeds1212
0
0
Comments
sign in to comment!
No comments posted yet!